Map: 暮色之塔

Players

iGXiGua - Winner!

  • Race: Zerg Zerg
  • League: Master

iGiA (iAsonu)

  • Race: Zerg Zerg
  • League: Master

Event: GPL 2015 - Grand Finals

VOD

Have the link to the VOD?

Description

Time

  • Played on: Jan. 22, 2016, 9:59 p.m.
  • Length: 12:33

All games in this series

Show
View Real Time Build Order
Export as new Build Order

iGXiGua Zerg - Winner!

Build Orders: Hatch First, Zergling Baneling 

Get SALT Encoding   

  12  0:01  Drone  
  13  0:07  Drone  
  14  0:17  Overlord  
  14  0:23  Extractor  
  14  0:24  Drone  
  15  0:36  Drone x2  
  17  0:53  Hatchery  
  17  0:55  Drone  
  17  0:58  Drone  
  18  1:06  Extractor  
  17  1:13  Spawning Pool  
  17  1:15  Drone  
  17  1:19  Drone  
  18  1:27  Drone  
  19  1:37  Overlord  
  19  1:59  Queen, Zergling x2  
  19  2:00  Zergling x2  
  23  2:04  Queen  
  23  2:05  Drone  
  23  2:07  Metabolic Boost  
  26  2:13  Drone  
  27  2:17  Drone  
  28  2:23  Drone  
  29  2:30  Drone, Baneling Nest  
  29  2:33  Drone  
  30  2:41  Drone  
  31  2:51  Hatchery  
  31  2:54  Drone  
  31  3:02  Overlord  
  30  3:09  Zergling x6  
  32  3:14  Drone x3  
  32  3:18  Overlord  
  35  3:23  Drone  
  35  3:24  Drone  
  37  3:27  Drone  
  37  3:29  Drone  
  37  3:31  Drone  
  40  3:38  Baneling  
  40  3:39  Baneling  
  40  3:44  Queen  
  40  3:48  Zergling x8  
  45  3:49  Baneling x2  
  45  3:50  Baneling  
  45  3:52  Zergling x2  
  45  3:55  Zergling x2  
  47  3:57  Zergling x4  
  49  4:04  Evolution Chamber  
  49  4:06  Drone x2  
  49  4:07  Drone x2  
  52  4:10  Drone  
  52  4:15  Overlord  
  53  4:17  Drone  
  53  4:21  Drone x2  
  53  4:22  Drone  
  57  4:25  Drone  
  57  4:26  Extractor  
  57  4:27  Drone  
  57  4:36  Roach Warren  
  56  4:43  Drone x2  
  56  4:44  Drone  
  56  4:45  Overlord  
  58  4:46  Zergling x4  
  58  4:47  Overlord, Zergling x2  
  58  4:48  Baneling  
  58  4:49  Baneling x2  
  58  4:50  Baneling  
  60  4:55  Extractor  
  60  4:56  Overlord x2  
  59  5:07  Drone x3  
  62  5:16  Roach  
  62  5:17  Roach x4  
  62  5:20  Roach  
  74  5:23  Roach  
  73  5:31  Spine Crawler x2, Roach, Zergling x2  
  73  5:32  Roach  
  73  5:33  Zergling x2  
  72  5:36  Roach x2  
  72  5:39  Roach  
  72  5:41  Roach  
  80  5:48  Roach x3  
  83  5:54  Drone, Roach x2  
  80  5:57  Roach  
  80  6:00  Roach  
  80  6:02  Roach  
  81  6:05  Roach  
  81  6:06  Roach  
  81  6:10  Roach  
  81  6:11  Roach  
  81  6:14  Roach  
  81  6:16  Roach  
  83  6:19  Roach x2  
  83  6:22  Roach  
  77  6:30  Drone x3  
  77  6:32  Drone, Queen  
  83  6:35  Roach  
  85  6:41  Lair  
  85  6:45  Drone x3  
  88  6:51  Queen  
  90  6:56  Drone  
  90  6:57  Drone x3  
  90  6:59  Extractor x2  
  90  7:00  Drone  
  93  7:04  Ravager x2  
  93  7:05  Ravager  
  96  7:09  Overlord x2  
  96  7:11  Drone x2  
  96  7:13  Overlord  
  96  7:14  Overlord  
  98  7:21  Overlord  
  98  7:22  Overlord  
  98  7:28  Ravager  
  99  7:30  Drone x3  
  99  7:31  Drone  
  99  7:33  Roach x3  
  109  7:39  Roach  
  109  7:40  Roach x3  
  117  7:51  Roach x2  
  121  7:58  Glial Reconstitution  
  97  8:06  Overseer  
  97  8:09  Roach x8  
  112  8:20  Drone x7  
  119  8:33  Spire  
  118  8:40  Roach x7  
  132  8:47  Ravager  
  132  8:48  Ravager x2  
  135  8:50  Overseer  
  135  8:52  Hatchery  
  135  8:55  Extractor  
  133  8:56  Drone x2  
  133  9:02  Zergling x16  
  143  9:05  Zergling x2  
  143  9:06  Zergling x4  
  146  9:11  Overlord x2  
  146  9:14  Overlord  
  146  9:16  Overlord  
  146  9:20  Overlord x2  
  146  9:32  Zerg Missile Weapons Level 1  
  146  9:41  Zergling x20  
  146  9:45  Zergling x2  
  145  9:50  Zergling x2  
  116  10:03  Zergling x18  
  113  10:08  Zergling x2  
  103  10:18  Mutalisk x5  
  106  10:22  Mutalisk  
  106  10:25  Mutalisk, Zerg Flyer Weapons Level 1  
  106  10:26  Mutalisk x3  
  115  10:32  Roach x2  
  117  10:35  Mutalisk  
  117  10:39  Roach x4  
  127  10:46  Roach x4  
  127  10:49  Roach  
  141  10:50  Roach x3  
  141  10:53  Roach  
  141  10:57  Centrifical Hooks  
  145  11:01  Roach  
  147  11:06  Mutalisk  
  147  11:07  Roach  
  147  11:08  Roach  
  153  11:12  Roach  
  153  11:13  Roach x2  
  153  11:16  Baneling x4  
  159  11:21  Baneling x8  
  159  11:25  Baneling  
  159  11:26  Baneling x2  
  159  11:32  Roach x4  
  167  11:39  Roach  
  177  11:40  Roach x4  
  177  11:44  Roach x3  
  183  11:47  Overseer  
  183  11:50  Roach  
  178  12:04  Roach x10  
  178  12:08  Overlord  
  185  12:09  Overlord  
Show
View Real Time Build Order
Export as new Build Order

iGiA Zerg 

Build Orders: Hatch First 

Get SALT Encoding   

  12  0:01  Drone  
  13  0:12  Overlord  
  13  0:18  Drone  
  14  0:31  Drone x2  
  14  0:34  Drone  
  17  0:54  Hatchery  
  17  0:55  Drone  
  17  0:58  Drone  
  17  1:02  Extractor  
  17  1:13  Spawning Pool  
  17  1:15  Drone  
  17  1:19  Drone  
  18  1:28  Drone  
  19  1:39  Overlord  
  19  1:50  Drone  
  20  2:00  Queen  
  20  2:01  Drone  
  23  2:03  Metabolic Boost  
  23  2:05  Queen  
  23  2:06  Drone  
  26  2:11  Zergling x2  
  27  2:17  Drone  
  28  2:24  Baneling Nest  
  28  2:25  Drone  
  28  2:27  Drone  
  29  2:36  Zergling x2  
  30  2:39  Drone  
  31  2:48  Drone  
  32  2:53  Hatchery  
  31  3:07  Drone x2  
  31  3:10  Zergling x8  
  36  3:14  Overlord  
  36  3:26  Overlord  
  36  3:32  Overlord  
  36  3:34  Drone x2  
  38  3:39  Drone  
  38  3:40  Drone x2  
  40  3:43  Drone  
  40  3:46  Baneling x2  
  41  3:48  Drone  
  41  3:50  Roach Warren  
  41  3:52  Zergling x2  
  41  3:55  Zergling x2  
  42  4:04  Drone  
  42  4:05  Drone x2  
  42  4:06  Overlord  
  42  4:08  Extractor  
  44  4:11  Overlord  
  44  4:18  Overlord  
  44  4:24  Drone x2  
  44  4:26  Baneling x2  
  44  4:30  Spine Crawler  
  44  4:31  Roach  
  44  4:32  Roach x3  
  44  4:36  Roach  
  54  4:43  Roach x2  
  57  4:46  Roach x2  
  57  4:51  Roach x2  
  65  4:54  Roach  
  67  5:05  Queen  
  67  5:06  Zergling x2  
  72  5:07  Zergling x10  
  75  5:15  Zergling x2  
  75  5:16  Zergling x8  
  80  5:21  Overlord  
  74  5:34  Zergling x14  
  80  5:38  Zergling x2  
  80  5:41  Zergling x2  
  82  5:47  Baneling x2  
  79  5:54  Zergling x2  
  79  5:55  Zergling x10  
  73  5:57  Zergling x4  
  68  6:04  Zergling x2  
  68  6:05  Zergling x4  
  68  6:06  Zergling x2  
  67  6:13  Zergling x2  
  67  6:15  Zergling x2  
  67  6:17  Zergling x6  
  68  6:19  Zergling x2  
  68  6:24  Zergling x2  
  61  6:26  Evolution Chamber  
  61  6:27  Drone  
  61  6:30  Drone  
  61  6:31  Drone  
  58  6:34  Drone  
  58  6:36  Drone  
  58  6:39  Drone  
  61  6:42  Drone x2  
  61  6:46  Drone x2  
  65  6:49  Drone  
  65  6:51  Drone  
  65  6:54  Drone x2  
  68  6:59  Zerg Missile Weapons Level 1  
  69  7:02  Drone x2  
  69  7:06  Drone  
  72  7:10  Drone  
  72  7:11  Drone x2  
  72  7:13  Drone x2  
  72  7:15  Overlord  
  77  7:19  Drone x2  
  77  7:20  Overlord  
  79  7:24  Lair  
  79  7:27  Overlord  
  79  7:30  Baneling  
  79  7:31  Baneling x4  
  79  7:36  Roach x3  
  85  7:37  Drone  
  85  7:38  Pneumatized Carapace  
  85  7:42  Roach  
  85  7:44  Roach  
  90  7:47  Roach  
  90  7:48  Roach  
  90  7:49  Roach  
  90  7:50  Roach  
  99  7:51  Roach  
  99  7:54  Roach  
  92  7:59  Roach  
  92  8:03  Roach, Extractor  
  92  8:04  Extractor  
  91  8:06  Roach  
  91  8:11  Roach x2  
  97  8:14  Roach  
  97  8:19  Roach  
  99  8:27  Roach  
  99  8:32  Roach  
  99  8:33  Zergling x2  
  99  8:34  Zergling x2  
  104  8:37  Extractor  
  104  8:40  Zergling x2  
  103  8:41  Extractor  
  103  8:42  Roach  
  104  8:51  Roach  
  104  8:52  Roach  
  104  8:53  Roach  
  110  8:57  Roach  
  110  9:00  Drone x5  
  110  9:01  Drone  
  118  9:03  Drone  
  118  9:05  Roach  
  118  9:06  Overlord  
  118  9:07  Glial Reconstitution  
  121  9:13  Drone  
  121  9:15  Overlord  
  121  9:16  Overlord  
  122  9:20  Overlord  
  122  9:22  Overlord  
  122  9:24  Overlord  
  121  9:26  Roach x4  
  121  9:29  Overlord  
  129  9:32  Overlord  
  129  9:34  Roach  
  129  9:35  Roach x3  
  136  9:43  Roach  
  136  9:45  Roach x4  
  136  9:47  Zergling x10  
  136  9:48  Roach  
  136  9:49  Roach  
  125  9:57  Roach  
  109  10:00  Roach x2  
  109  10:05  Zergling x2  
  97  10:10  Roach x2  
  97  10:11  Roach  
  93  10:14  Roach x2  
  93  10:19  Queen  
  93  10:21  Roach  
  97  10:23  Roach  
  97  10:27  Queen  
  101  10:35  Roach x4  
  109  10:41  Roach  
  109  10:42  Overseer  
  111  10:43  Roach  
  111  10:49  Roach  
  117  10:50  Roach  
  117  10:52  Burrow  
  117  10:54  Hatchery  
  117  10:56  Hydralisk Den, Spore Crawler  
  114  11:02  Spore Crawler  
  113  11:19  Overlord  
  113  11:21  Spore Crawler x2  
  113  11:23  Spore Crawler  
  110  11:31  Hydralisk x7  
  110  11:32  Hydralisk  
  126  11:41  Hydralisk x5  
  136  11:51  Overlord  
  136  12:01  Roach x2  
  133  12:04  Roach  
  119  12:08  Roach  
  119  12:11  Roach  
  119  12:12  Roach x7  
  119  12:14  Roach  
Tags
 
Add a new tag
Caveats
  • Supply blocks, unpowered buildings, or Contaminate may cause inaccurate times.
  • Supply counts are checked every 10 seconds.